 Dungeon Crawl Stone Soup version 0.30-a0-782-ge64f9170bb (webtiles) character file.

Game seed: 3937076271607075314

1792 Dordric the Trooper (level 9, -7/67 HPs)
             Began as a Djinni Warper on Feb 18, 2023.
             Was a Follower of Okawaru.
             Mangled by an orc warrior
             ... wielding a +0 flail
              (13 damage)
             ... on level 4 of the Dungeon.
             The game lasted 00:10:53 (5392 turns).

Dordric the Trooper (Djinni Warper)                 Turns: 5392, Time: 00:10:54

Health: -7/67      AC:  3    Str:  8 (10) XL:     9   Next: 30%
Gold:   160        EV: 16    Int: 14 (15) God:    Okawaru [*.....] SH:  0 Dex: 15 (17)

rFire   + + .      SeeInvis .    h - +2 double sword (freeze)
rCold   x . .      Faith    .    (no shield)
rNeg    . . .      Spirit   .    b - +0 leather armour
rPois   ∞          Reflect  .    (no helmet)
rElec   .          Harm     .    (no cloak)
rCorr   .          Rampage  .    (no gloves)
Will    .....                    (boots unavailable)
Stlth   +                        (no amulet)
HPRegen 0.31/turn                e - +5 ring of evasion
MPRegen 0.00/turn                (no ring)

@: mighty, brilliant, on berserk cooldown, attractive, flying, slowed, very slow
A: sickness immunity, fire resistance 2, cold vulnerability 1, float, innate
caster, HP casting, extra vitality 1
a: Renounce Religion, Heroism


You were on level 4 of the Dungeon.
You worshipped Okawaru.
Okawaru was aware of your devotion.
You visited 1 branch of the dungeon, and saw 6 of its levels.

You collected 182 gold pieces.
You spent 22 gold pieces at shops.

Inventory:

Hand Weapons
 a - a +0 falchion
 h - a +2 double sword of freezing (weapon)
 j - a +2 mace of protection
Missiles
 d - 7 boomerangs of dispersal
Armour
 b - a +0 leather armour (worn)
Magical Staves
 n - a staff of death
Jewellery
 e - a +5 ring of evasion (left hand)
 p - a ring of resist corrosion
Wands
 s - a wand of roots (5)
 t - a wand of acid (1)
 y - a wand of paralysis (7)
Scrolls
 c - a scroll of blinking
 g - 2 scrolls of vulnerability
 k - a scroll of identify
 m - a scroll of immolation
 u - 2 scrolls of fog
 x - a scroll of enchant weapon {unknown}
 z - a scroll of summoning {unknown}
 C - a scroll of poison {unknown}
Potions
 f - a potion of cancellation
 i - a potion of mutation {unknown}
 l - a potion of berserk rage
 o - a potion of degeneration
 q - a potion of brilliance
 r - a potion of attraction (quivered)
 v - a potion of might
 w - a potion of resistance {unknown}
 A - a potion of curing {unknown}
 B - a potion of heal wounds {unknown}


   Skills:
 + Level 6.8 Fighting
 + Level 6.3 Long Blades
 - Level 0.7 Throwing
 - Level 1.0 Armour
 - Level 2.1 Dodging
 + Level 5.5 Spellcasting


You couldn't memorise any spells.
You knew the following spells:

 Your Spells              Type           Power      Damage    Failure   Level
a - Blink                 Tloc           58%        N/A       3%          2
b - Lesser Beckoning      Tloc           58%        N/A       3%          2
c - Vhi's Electric Charg  Tloc/Air       58%        N/A       7%          3
d - Teleport Other        Tloc           29%        N/A       7%          3
e - Manifold Assault      Tloc           29%        N/A       24%         4
f - Necrotise             Necr           100%       1d9       2%          1
g - Poisonous Vapours     Pois/Air       58%        N/A       3%          2
h - Frozen Ramparts       Ice            58%        1d9       7%          3
i - Kindle Blastsparks    Fire/Tloc/Air  58%        2d14      7%          3
Your spell library was empty.

Dungeon Overview and Level Annotations

Branches:
Dungeon (6/15)             Temple (0/1) D:4

Altars:
Hepliaklqana
Okawaru
Ru

Shops:
D:2 ?   D:5 =

Annotations:
D:3 Grinder
D:4 3 runed translucent doors, tarna41's ghost, amateur MiBe
D:6 1 runed translucent door, Sigmund


Innate Abilities, Weirdness & Mutations

You are immune to sickness and miasma.
You are immune to poison.
Your flesh is very heat resistant. (rF++)
You are vulnerable to cold. (rC-)
You float through the air rather than walking.
You learn spells naturally, not from books.
Your magical power is your life essence.
You have superior vitality. (+4 MHP)


Message History

You cannot blink because you are magically locked down.
It was a potion of cancellation.
Your magical effects are unravelling.
You feel magically purged.
Your magical contamination has completely faded away.
You are no longer locked in place.
The orc warrior shoots a bolt.
The bolt hits you!
* * * LOW HITPOINT WARNING * * *
Casting: Blink (safe; 3% risk of failure)
Confirm with . or Enter, or press ? or * to list all spells.
You don't have enough health to cast this spell.
It was a potion of berserk rage.
A red film seems to cover your vision as you go berserk!
You feel yourself moving faster!
You feel mighty!
The orc warrior shoots a bolt.
The bolt misses you.
You feel a strong urge to attack something.
You are too berserk!
You feel your anger nearly subside.
You are no longer berserk.
You are exhausted.
You feel yourself slow down.
The orc warrior shoots a bolt.
The bolt closely misses you.
It was a potion of attraction.
You feel attractive to monsters.
The orc warrior shoots a bolt.
The bolt misses you.
The orc warrior shoots a bolt.
The bolt closely misses you.
The orc warrior is attracted toward you.
It was a potion of might.
You feel very mighty all of a sudden.
The orc warrior is attracted toward you.
It was a potion of brilliance.
You feel clever all of a sudden.
The orc warrior unwields a +0 arbalest.
The orc warrior wields a +0 flail.
The orc warrior completely misses you.
It was a potion of degeneration.
There was something very wrong with that liquid.
You feel weakened.
You feel dopey.
You feel clumsy. The orc warrior barely misses you.
The orc warrior hits you with a +0 flail!
You die...

#..........#
#..........#
###....##'##
#....#..#
#....#..#
#....#..#
#...§#..#
#...o#.)#
#...@#.o#
#....#..#
#....#..#
#....#..#
#....#.)#
.####....#..#
.......###..#
.......)....#
.....o.#....#


You could see an orc warrior.

Vanquished Creatures
  A black bear (D:5)
  2 ogres (D:5)
  6 phantoms
  2 necrophages (D:5)
  3 scorpions
  2 howler monkeys (D:4)
  7 hounds
  3 jellies (D:5)
  2 orc priests (D:4)
  3 iguanas
  An orc wizard (D:4)
  Natasha (thrice) (D:2)
  4 gnolls
  5 adders
  A dart slug (D:1)
  20 orcs
  9 ball pythons
  4 endoplasms
  2 giant cockroaches
  6 goblins
  6 hobgoblins
  4 jackals (D:1)
  4 kobolds
  4 quokkas
  7 bats
  3 frilled lizards
  6 rats
120 creatures vanquished.

Notes
Turn   | Place    | Note
-------+----------+-------------------------------------------
     0 | D:1      | Dordric the Djinni Warper began the quest for the Orb.
     0 | D:1      | Dordric set off with the following spells memorised: Blink,
                  | Lesser Beckoning, Vhi's Electric Charge, Teleport Other,
                  | Manifold Assault.
     0 | D:1      | Reached XP level 1. HP: 18/18 MP: 0/0
    52 | D:1      | Reached XP level 2. HP: 22/23 MP: 0/0
   386 | D:1      | Reached XP level 3. HP: 29/29 MP: 0/0
   386 | D:1      | Learned a level 1 spell: Necrotise
  1091 | D:2      | Found Couwas's Magic Scroll Shoppe.
  1097 | D:2      | Bought a scroll of identify for 22 gold pieces
  1099 | D:2      | Identified a scroll of acquirement
  1100 | D:2      | Acquired a +2 double sword of freezing
  1144 | D:2      | Noticed Natasha
  1150 | D:2      | Killed Natasha
  1151 | D:2      | Reached XP level 4. HP: 24/34 MP: 0/0
  1199 | D:2      | Noticed Natasha
  1207 | D:2      | Killed Natasha
  1369 | D:2      | Reached XP level 5. HP: 38/40 MP: 0/0
  1369 | D:2      | Learned a level 2 spell: Poisonous Vapours
  1459 | D:2      | Found a faded altar of an unknown god.
  1677 | D:2      | Noticed Natasha
  1680 | D:2      | Killed Natasha
  2242 | D:3      | Reached XP level 6. HP: 36/46 MP: 0/0
  2285 | D:3      | Noticed Grinder
  2527 | D:3      | You are sucked into a shaft and drop 3 floors!
  2528 | D:6      | Noticed Sigmund
  2545 | D:6      | Found a runed translucent door.
  2545 | D:6      | Noticed a human
  2601 | D:5      | Entered Level 5 of the Dungeon
  2969 | D:5      | Reached XP level 7. HP: 25/52 MP: 0/0
  2969 | D:5      | Learned a level 3 spell: Frozen Ramparts
  3521 | D:5      | Reached skill level 5 in Fighting
  3521 | D:5      | Reached XP level 8. HP: 35/59 MP: 0/0
  3531 | D:5      | Reached skill level 5 in Long Blades
  3766 | D:5      | Found an iron altar of Okawaru.
  3780 | D:5      | Found Ucaf Syl's Jewellery Boutique.
  3802 | D:5      | Became a worshipper of Warmaster Okawaru
  4058 | D:5      | Found a sacrificial altar of Ru.
  4159 | D:5      | Reached skill level 5 in Spellcasting
  4333 | D:5      | Found a hazy altar of Hepliaklqana.
  4618 | D:4      | Reached * piety under Okawaru
  4623 | D:4      | Reached XP level 9. HP: 67/67 MP: 0/0
  4623 | D:4      | Learned a level 3 spell: Kindle Blastsparks
  4932 | D:4      | Found a staircase to the Ecumenical Temple.
  4958 | D:4      | Noticed tarna41's ghost (amateur MiBe)
  5201 | D:4      | Found a runed translucent gate.
  5202 | D:4      | Found a runed translucent gate.
  5206 | D:4      | Found a runed translucent gate.
  5379 | D:4      | HP: 2/67 [orc warrior/bolt (11)]
  5392 | D:4      | Mangled by an orc warrior

Illustrated notes

Levels and vault maps discovered:
D:1:      erik_arrival_cave_to_civilisation [erik_arrival_cave_to_hall],
          layout_basic, corner_web_ring
D:2:      layout_loops_cross, serial_shops, nicolae_shop_advertising_works
          [nicolae_subvault_shop_adworks], shapermc_ecumenical_altar_gd,
          minmay_misc_feat_alley, uniq_natasha
D:3:      layout_loops_ring, lemuel_doored_altar, uniq_grinder
D:4:      minmay_chambers_of_threes, layout_gridville,
          minmay_temple_entry_glass, gammafunk_ghost_split
D:5:      minmay_diamond_boxcup, layout_basic, mainiacjoe_overflow_brackets,
          mainiacjoe_overflow_alcove_4, nzn_hepliaklqana_mist_gate,
          serial_shops, shop, minmay_misc_feat_rows
D:6:      layout_cave_pools, kennysheep_mini, dk_yredelemnul_ordeal,
          uniq_sigmund

Skill      XL: |  1  2  3  4  5  6  7  8  9 |
---------------+----------------------------+-----
Long Blades    | 2 3 4 5 6 |  6.3
Spellcasting   | 3 4 5 |  5.5
Fighting       | 3 4 5 6 |  6.8
Throwing       | |  0.7
Armour         | |  1.0
Dodging        | |  2.1

Action                     |  1- 3 |  4- 6 |  7- 9 || total
---------------------------+-------+-------+-------++-------
  Melee: Falchion          |    36 |       |       ||    36
         Mace              |    29 |       |       ||    29
         Double sword      |     9 |    55 |   124 ||   188
   Cast: Necrotise         |    18 |     5 |     1 ||    24
         Poisonous Vapours |       |    23 |       ||    23
         Blink             |       |     5 |     2 ||     7
         Teleport Other    |       |     2 |     2 ||     4
         Frozen Ramparts   |       |       |    15 ||    15
         Kindle Blastspark |       |       |    22 ||    22
         Manifold Assault  |       |       |     3 ||     3
  Evoke: Wand              |       |     5 |     5 ||    10
    Use: Scroll            |     4 |     2 |       ||     6
         Potion            |       |       |     6 ||     6
   Stab: Distracted        |       |       |     1 ||     1
 Armour: Leather armour    |    43 |    12 |    17 ||    72
  Dodge: Dodged            |    62 |    52 |   135 ||   249

Table legend: (Time is in decaauts)
 A = Elapsed time spent in this place.
 B = Non-inter-level travel time spent in this place.
 C = Inter-level travel time spent in this place.
 D = Time resting spent in this place.
 E = Time spent auto-exploring this place.
 F = Levels seen in this place.
 G = Mean time per level.
                   A        B        C        D        E       F      G
               +--------+--------+--------+--------+--------+-----+--------+
         Total |   5464 |   5190 |    274 |      0 |   4233 |   6 |  910.7 |
       Dungeon |   5464 |   5190 |    274 |      0 |   4233 |   6 |  910.7 |
               +--------+--------+--------+--------+--------+-----+--------+

Top non-repeatable levels by time:
     D:5: 1852 daAuts
     D:2: 1129 daAuts
     D:4: 952 daAuts
     D:1: 944 daAuts
     D:3: 488 daAuts
     D:6: 96 daAuts
